Map: Acropolis LE

Players

ViBE - Winner!

  • Race: Zerg Zerg
  • League: Grandmaster
  • Spawn Location: 11:00

Zeky

  • Race: Zerg Zerg
  • League: Platinum
  • Spawn Location: 5:00

VOD

Have the link to the VOD?

Description

Time

  • Played on: Nov. 22, 2019, 7:32 p.m.
  • Length: 8:22
Show
View Real Time Build Order
Export as new Build Order

ViBE Zerg - Winner!

Build Orders: Hatch First 

Get SALT Encoding   

  12  0:01  Drone  
  13  0:12  Overlord  
  13  0:18  Drone  
  14  0:30  Drone x2  
  16  0:47  Hatchery  
  15  0:51  Drone  
  15  0:54  Drone  
  17  1:05  Extractor  
  17  1:10  Spawning Pool  
  15  1:13  Drone  
  15  1:17  Drone  
  17  1:20  Drone  
  18  1:28  Drone  
  19  1:45  Overlord  
  19  1:58  Queen  
  19  1:59  Zergling x2  
  19  2:01  Drone x2  
  24  2:03  Queen  
  26  2:08  Metabolic Boost  
  26  2:10  Drone  
  28  2:15  Drone  
  28  2:23  Drone x2  
  30  2:35  Hatchery  
  29  2:39  Drone  
  29  2:42  Zergling x2  
  31  2:44  Zergling x2  
  32  2:56  Overlord  
  32  2:57  Overlord  
  32  3:01  Queen  
  34  3:07  Drone x2  
  33  3:14  Zergling x2  
  33  3:15  Roach Warren, Zergling x4  
  33  3:17  Zergling x2  
  33  3:19  Zergling x2  
  37  3:23  Zergling x2  
  37  3:24  Zergling x2  
  39  3:34  Zergling x6  
  42  3:41  Drone x3  
  44  3:55  Drone x6  
  50  4:00  Overlord  
  50  4:13  Drone x5  
  53  4:43  Drone x4  
  53  4:45  Overlord  
  55  4:47  Lair  
  55  4:48  Overlord x4  
  55  4:58  Drone x11  
  65  5:05  Roach  
  65  5:06  Roach x3  
  73  5:09  Hatchery  
  73  5:14  Overlord x3, Extractor  
  71  5:15  Extractor  
  71  5:17  Roach  
  71  5:21  Roach  
  71  5:22  Roach  
  71  5:23  Roach  
  71  5:27  Drone x3  
  77  5:33  Roach  
  79  5:40  Drone  
  79  5:41  Roach x2  
  84  5:44  Drone, Overlord  
  84  5:45  Overlord  
  84  5:47  Roach  
  84  5:48  Roach  
  89  5:51  Zergling x2  
  89  5:52  Zergling x4  
  89  5:55  Queen  
  89  5:56  Overlord  
  89  5:57  Overlord  
  94  5:59  Glial Reconstitution  
  94  6:14  Zergling x10, Roach x4  
  107  6:27  Roach x5  
  119  6:40  Roach x4  
  119  6:41  Roach  
  119  6:43  Extractor  
  119  6:44  Drone x2, Extractor  
  119  6:45  Queen, Extractor  
  124  6:47  Drone x3  
  124  6:49  Drone x3  
  124  6:50  Drone x2  
  124  6:51  Drone  
  131  6:54  Roach  
  131  6:55  Roach x2  
  131  6:59  Ravager  
  137  7:02  Overlord  
  137  7:03  Overlord x2  
  137  7:07  Drone  
  138  7:10  Roach x6  
  150  7:18  Roach  
  150  7:19  Roach x3  
  158  7:23  Overseer  
  158  7:25  Roach x2  
  158  7:26  Overlord  
  162  7:32  Roach x3  
  162  7:36  Roach  
  178  7:37  Roach x4  
  178  7:40  Roach x2  
  178  7:41  Roach  
  184  7:44  Overlord  
  184  7:46  Roach x3  
  192  7:51  Roach x3  
  192  7:52  Roach  
  192  7:54  Roach  
Show
View Real Time Build Order
Export as new Build Order

Zeky Zerg 

Build Orders: Hatch First 

Get SALT Encoding   

  12  0:01  Drone  
  13  0:16  Overlord  
  13  0:17  Drone  
  14  0:35  Drone x2  
  16  0:50  Hatchery  
  16  0:53  Drone  
  16  1:07  Spawning Pool  
  16  1:10  Extractor  
  14  1:12  Drone  
  15  1:24  Drone x2  
  15  1:25  Drone  
  18  1:50  Drone, Overlord  
  19  1:54  Queen  
  19  1:59  Baneling Nest  
  20  2:03  Zergling x4  
  22  2:13  Queen  
  24  2:28  Metabolic Boost  
  24  2:33  Zergling x6  
  27  2:55  Baneling  
  26  3:08  Drone  
  26  3:18  Drone  
  26  3:19  Overlord x3  
  27  3:39  Hatchery  
  25  3:43  Zergling x6  
  25  3:44  Zergling x6  
  29  3:49  Drone x4  
  29  3:50  Drone  
  34  4:00  Roach Warren  
  34  4:02  Drone  
  34  4:03  Extractor  
  34  4:05  Drone  
  32  4:20  Baneling x2  
  29  4:43  Zergling x18  
  37  4:47  Drone x2  
  36  5:00  Spine Crawler  
  36  5:01  Roach  
  36  5:02  Roach, Spine Crawler  
  38  5:18  Roach x5  
  38  5:20  Drone  
  48  5:37  Hatchery  
  48  5:41  Drone x2  
  49  5:50  Drone x2  
  51  6:05  Overlord x3  
  51  6:14  Queen  
  49  6:48  Drone x3  
  49  6:49  Drone x7  
  55  6:55  Queen  
  57  7:02  Drone x3  
  60  7:27  Extractor  
  60  7:28  Extractor  
Tags
 
Add a new tag
Caveats
  • Supply blocks, unpowered buildings, or Contaminate may cause inaccurate times.
  • Supply counts are checked every 10 seconds.